 Dungeon Crawl Stone Soup version 0.19.3-4-gbf9329e (webtiles) character file.

246 galech the Cudgeler (level 6, -11/65 HPs)
             Began as an Ogre Fighter on Jan 30, 2017.
             Killed by divine providence
             ... invoked by an orc priest
              (13 damage)
             ... on level 4 of the Dungeon.
             The game lasted 00:04:38 (2979 turns).

galech the Cudgeler (Ogre Fighter)                  Turns: 2979, Time: 00:04:39

Health: -11/65     AC:  4    Str: 24    XL:     6   Next: 11%
Magic:  6/6        EV:  9    Int:  7    God:
Gold:   135        SH:  9    Dex:  9    Spells: 0 memorised, 5 levels left

rFire  . . .     SeeInvis .     a - +0 flail
rCold  . . .     Gourm    .     b - +0 robe
rNeg   . . .     Faith    .     c - +0 shield
rPois  .         Spirit   .     l - +1 hat
rElec  .         Reflect  .     (no cloak)
rCorr  .         Harm     .     (gloves unavailable)
MR     .....                    (boots unavailable)
Stlth  +.........               (no amulet)
                                (no ring)
                                (no ring)

@: no status effects
A: unfitting armour, tough skin 1
a: no special abilities


You were on level 4 of the Dungeon.
You were not hungry.

You visited 1 branch of the dungeon, and saw 4 of its levels.

You collected 135 gold pieces.

Inventory:

Hand Weapons
 a - a +0 flail (weapon)
Armour
 b - a +0 robe (worn)
 c - a +0 shield (worn)
 l - a +1 hat (worn)
Scrolls
 e - 3 scrolls of identify {unknown}
 h - 2 scrolls of noise {unknown}
 i - a scroll of teleportation {unknown}
 m - a scroll of magic mapping {unknown}
 n - a scroll of amnesia {unknown}
 r - a scroll of random uselessness {unknown}
 s - a scroll of remove curse {unknown}
Potions
 d - a potion of might
 o - a potion of ambrosia {unknown}
 p - 2 potions of flight
 q - a potion of curing {unknown}
Comestibles
 f - 3 bread rations
 g - 4 fruits
 j - 2 meat rations
 k - a chunk of flesh


   Skills:
 + Level 4.9 Fighting
 + Level 5.4 Maces & Flails
 + Level 3.7 Dodging
 + Level 3.6 Shields


You had 5 spell levels left.
You didn't know any spells.

Dungeon Overview and Level Annotations

Branches:
Dungeon (4/15)
 Temple: D:4-7

Altars:


Innate Abilities, Weirdness & Mutations

You are too large for most types of armour.
You have tough skin. (AC +1)


Message History

You kill the adder!
You feel sick.
The orc priest hits you with a dagger of venom.
You sock the orc priest!
The orc priest is severely wounded.
You block the orc's attack.
The orc throws a stone.
The stone hits you.
* * * LOW HITPOINT WARNING * * *
You block the orc priest's attack.
You feel sick. The orc hits you with a flail.
* * * LOW HITPOINT WARNING * * *
You feel sick.
You are no longer poisoned.
The orc priest invokes the aid of Beogh against you.
Beogh smites you!
* * * LOW HITPOINT WARNING * * *
The orc throws a stone.
The stone hits you but does no damage.
You see here a stone.
The orc priest invokes the aid of Beogh against you.
Beogh smites you!
You die...

.........(.....
#.....#
.......(†..#
#.....#
........o..#
#.....#
###.....o..#
#.....#
#........#
#.#####
#........# #.#
#.....o..# #.#
#######(#######.#
#.o@......#
###########


You could see an orc priest and an orc.

Vanquished Creatures
  An orc priest (D:4)
  An orc wizard (D:4)
  2 gnolls (D:4)
  9 adders
  An adder skeleton (D:4)
  2 worms
  A dart slug (D:1)
  A leopard gecko (D:2)
  6 orcs
  5 bats
  A giant cockroach (D:1)
  9 goblins
  4 hobgoblins
  6 jackals
  9 kobolds
  A quokka (D:2)
  2 ball pythons
  3 frilled lizards (D:1)
  A quokka skeleton (D:3)
  10 rats
75 creatures vanquished.

Notes
Turn   | Place    | Note
-------+----------+-------------------------------------------
     0 | D:1      | galech the Ogre Fighter began the quest for the Orb.
     0 | D:1      | Reached XP level 1. HP: 24/24 MP: 1/1
    53 | D:1      | Reached skill level 3 in Maces & Flails
   105 | D:1      | Reached XP level 2. HP: 25/32 MP: 2/2
   792 | D:1      | Reached XP level 3. HP: 35/39 MP: 3/3
  1396 | D:2      | Reached skill level 4 in Maces & Flails
  1396 | D:2      | Reached XP level 4. HP: 44/49 MP: 4/4
  2390 | D:3      | Reached XP level 5. HP: 55/55 MP: 5/5
  2646 | D:4      | Reached skill level 5 in Maces & Flails
  2842 | D:4      | Reached XP level 6. HP: 58/65 MP: 6/6
  2976 | D:4      | HP: 1/65 [orc priest/divine providence (13)]
  2979 | D:4      | Killed from afar by an orc priest

Skill      XL: |  1  2  3  4  5 |
---------------+----------------+-----
Maces & Flails | 3 4 5 |  5.4
Shields        | 3 |  3.6
Dodging        | 3 |  3.7
Fighting       | |  4.9

Action                   |  1- 3 |  4- 6 || total
-------------------------+-------+-------++-------
Melee: Flail             |   154 |   163 ||   317
  Use: Potion            |       |     3 ||     3
  Eat: Chunk             |     2 |     5 ||     7
Armor: Robe              |    72 |    45 ||   117
Dodge: Dodged            |    64 |    72 ||   136
Block: Shield            |    80 |    78 ||   158
